 Dungeon Crawl Stone Soup version 0.23-a0-54-gae6112e (webtiles) character file.

52 galech the Magician (level 3, 0/42 HPs)
             Began as a Gnoll Wanderer on Aug 8, 2018.
             Succumbed to an adder's poison
             ... on level 2 of the Dungeon.
             The game lasted 00:03:42 (1392 turns).

galech the Magician (Gnoll Wanderer)                Turns: 1392, Time: 00:03:43

Health: 0/42       AC: 21    Str: 21    XL:     3   Next: 85%
Magic:  8/11       EV:  2    Int: 14    God:
Gold:   97         SH:  0    Dex: 13    Spells: 13/16 levels left

rFire    . . .     SeeInvis .   e - +0 club
rCold    + . .     Gourm    .   (no shield)
rNeg     + + +     Faith    .   (armour currently unavailable)
rPois    +         Spirit   .   (helmet currently unavailable)
rElec    .         Reflect  .   (cloak currently unavailable)
rCorr    .         Harm     .   (gloves currently unavailable)
MR       .....     NoTele   +   (boots currently unavailable)
Stlth    +++.......             (no amulet)
HPRegen  0.14/turn              i - -3 ring of evasion (curse)
MPRegen  0.12/turn              h - ring of protection from cold

@: mighty, lethally poisoned (0 -> -3), tree-form, infused
A: distributed training, strong nose
a: no special abilities


You were on level 2 of the Dungeon.
You were not hungry.
You were a tree.
You visited 1 branch of the dungeon, and saw 2 of its levels.

You collected 97 gold pieces.

Inventory:

Hand Weapons
 e - a +0 club (weapon)
 f - a +0 dagger
Armour
 d - a +0 robe
 l - a cursed +0 scale mail (melded)
Jewellery
 a - a +2 ring of intelligence
 h - a ring of protection from cold (right branch)
 i - a cursed -3 ring of evasion (left branch)
Scrolls
 n - a scroll of random uselessness
 o - a scroll of identify
Potions
 j - a potion of mutation {unknown}
 k - a potion of brilliance
 m - a potion of haste {unknown}
Comestibles
 g - 3 rations


   Skills:
 + Level 2.6 Fighting
 + Level 0.9 Short Blades
 + Level 0.9 Long Blades
 + Level 0.9 Axes
 + Level 0.9 Maces & Flails
 + Level 0.9 Polearms
 + Level 4.5 Staves
 + Level 0.9 Slings
 + Level 0.9 Bows
 + Level 0.9 Crossbows
 + Level 0.9 Throwing
 + Level 0.9 Armour
 + Level 0.9 Dodging
 + Level 4.2 Stealth
 + Level 0.9 Shields
 + Level 0.9 Unarmed Combat
 + Level 7.1 Spellcasting
 + Level 0.6 Conjurations
 + Level 0.6 Hexes
 + Level 3.8 Charms
 + Level 0.6 Summonings
 + Level 0.6 Necromancy
 + Level 0.6 Translocations
 + Level 0.6 Transmutations
 + Level 0.6 Fire Magic
 + Level 0.6 Ice Magic
 + Level 0.6 Air Magic
 + Level 0.6 Earth Magic
 + Level 0.6 Poison Magic
 + Level 1.0 Invocations
 + Level 0.9 Evocations


You had 13 spell levels left.
You knew the following spells:

 Your Spells              Type           Power        Failure   Level  Hunger
a - Infusion              Chrm           ###.         3%          1    None
b - Song of Slaying       Chrm           ###.....     4%          2    None

Your spell library contained the following spells:

 Spells                   Type           Power        Failure   Level  Hunger
 Blink                    Tloc           N/A          16%         2    None
 Regeneration             Chrm/Necr      ##........   17%         3    ##.....
 Shroud of Golubria       Chrm/Tloc      ##........   9%          2    None
 Spectral Weapon          Hex/Chrm       ##......     17%         3    ##.....


Dungeon Overview and Level Annotations

Branches:
Dungeon (2/15)

Altars:


Innate Abilities, Weirdness & Mutations

Your experience applies equally to all skills.
((You have very sharp teeth.))
Your uncanny sense of smell can sniff out nearby items.


Message History

The goblin is severely wounded.
* * * LOW HITPOINT WARNING * * *
You feel sick. The goblin barely misses you.
You closely miss the goblin.
The goblin is severely wounded.
* * * LOW HITPOINT WARNING * * *
You feel sick. The goblin closely misses you.
It was a potion of might.
You feel very mighty all of a sudden. The goblin hits you but does no damage.
You turn into a tree.
Your cursed +0 scale mail melds into your body.
Your roots penetrate the ground.
The goblin hits you but does no damage.
You closely miss the goblin.
The goblin is severely wounded.
* * * LOW HITPOINT WARNING * * *
You feel sick. The goblin hits you but does no damage.
You thump the goblin!
You kill the goblin!
You die...

.. ..####### .......$# ∆
........# .....?..#
........########
....$.......... ...>#...
.......♣# #.# #.......
.$....).#####.# #.......
##!...........###......#
#...###......÷##......#
##.####.....#.##......#
............#.##......#
....####.....#.........#
.. #.....#.........#
#.....#.........#


There were no monsters in sight!

Vanquished Creatures
  2 adders (D:2)
  2 dart slugs (D:2)
  3 giant cockroaches
  7 goblins
  4 hobgoblins
  4 jackals (D:2)
  2 bats (D:1)
  A frilled lizard (D:1)
  A kobold (D:1)
  A rat (D:1)
27 creatures vanquished.

Notes
Turn   | Place    | Note
-------+----------+-------------------------------------------
     0 | D:1      | galech the Gnoll Wanderer began the quest for the Orb.
     0 | D:1      | galech set off with: a potion of lignification, a +0 robe, a +0 club, a +0 dagger, a ration
     0 | D:1      | Reached XP level 1. HP: 17/17 MP: 8/8
     2 | D:1      | Learned a level 1 spell: Infusion
   107 | D:1      | Reached XP level 2. HP: 22/23 MP: 3/10
   836 | D:1      | Learned a level 2 spell: Song of Slaying
   963 | D:2      | Reached XP level 3. HP: 8/28 MP: 2/11
  1361 | D:2      | Reached skill level 1 in Invocations
  1387 | D:2      | HP: 1/28 [poisoned by an adder]
  1392 | D:2      | Succumbed to an adder's poison

Vault maps used:
D:1:      tarquinn_simple_flora_water_a
D:2:      kennysheep_six_static_rooms

Skill      XL: |  1  2  3 |
---------------+----------+-----
Invocations    | 1 |  1.0
Fighting       | |  2.6
Short Blades   | |  0.9
Long Blades    | |  0.9
Axes           | |  0.9
Maces & Flails | |  0.9
Polearms       | |  0.9
Staves         | |  4.5
Slings         | |  0.9
Bows           | |  0.9
Crossbows      | |  0.9
Throwing       | |  0.9
Armour         | |  0.9
Dodging        | |  0.9
Stealth        | |  4.2
Shields        | |  0.9
Unarmed Combat | |  0.9
Spellcasting   | |  7.1
Conjurations   | |  0.6
Hexes          | |  0.6
Charms         | |  3.8
Summonings     | |  0.6
Necromancy     | |  0.6
Translocations | |  0.6
Transmutations | |  0.6
Fire Magic     | |  0.6
Ice Magic      | |  0.6
Air Magic      | |  0.6
Earth Magic    | |  0.6
Poison Magic   | |  0.6
Evocations     | |  0.9

Action                   || total
-------------------------++-------
Melee: Club              ||   146
       Bite              ||    11
 Cast: Infusion          ||     6
       Song of Slaying   ||     1
  Use: Scroll            ||     3
       Potion            ||     2
 Stab: Sleeping          ||     1
       Distracted        ||     1
  Eat: Chunk             ||     2
Armor: Robe              ||    29
       Scale mail        ||    89
       Skin              ||     2
Dodge: Dodged            ||    83

Table legend:
 A = Spawn XP
 B = Non-spawn XP
 C = Spawn XP percentage of total XP
 D = Spawn monster count
 E = Non-spawn monster count
 F = Spawn count percentage of total count
 G = Total turns spent on level
                    A         B        C        D         E        F      G
               +---------+---------+-------+---------+---------+-------+---------
         Total |       0 |      75 |   0.0 |       0 |      27 |   0.0 |  1392
               +---------+---------+-------+---------+---------+-------+---------
           D:1 |       0 |      26 |   0.0 |       0 |      16 |   0.0 |   946
           D:2 |       0 |      49 |   0.0 |       0 |      11 |   0.0 |   446
               +---------+---------+-------+---------+---------+-------+---------
